AoeStats
← ARMENIO FULL AGUA

Hideout

508984550Analyzed
1v1 RM · 7d ago on Sep 24, 2026· 45m 8s· 2 players
Game mode
Random Map
Map size
Tiny (2 player)
Population
200
Speed
Normal
Resources
Standard
Victory
Conquest
Starting age
Dark Age
Ending age
Imperial Age
RankedLock teamsTeams togetherTeam positionsShared explorationLock speedFull tech treeHidden civsTurbo modeCheats
Victory
Defeat
🇨🇦 Khmer · Canada
1160
+15
🇦🇷 Varangians · Argentina
1128
-15
ARMENIO FULL AGUA
8:58 Loom
10:57 Feudal Age
15:45 Castle Age
14:02 Double-Bit Axe
14:26 Horse Collar
15:24 Gold Mining
15:39 Fletching
16:19 Padded Archer Armor
17:10 Bow Saw
17:29 Husbandry
18:38 Bloodlines
20:41 Town Watch
21:20 Bodkin Arrow
23:45 Ballistics
24:11 Wheelbarrow
26:20 Scale Barding Armor
27:42 Hand Cart
27:49 Chain Barding Armor
28:54 Stone Mining
30:10 Leather Archer Armor
30:06 Forging
30:23 Vendel Legacy
34:16 Imperial Age
34:33 Iron Casting
34:21 Cavalier
35:17 Heavy Plow
36:53 Bracer
37:30 Plate Barding Armor
Hecan
7:42 Loom
10:07 Feudal Age
10:38 Feudal Age
14:11 Castle Age
12:19 Double-Bit Axe
17:29 Bow Saw
17:41 Loom
20:52 Elite Skirmisher
21:24 Fletching
22:01 Padded Archer Armor
22:55 Gold Mining
24:30 Wheelbarrow
24:01 Horse Collar
29:33 Imperial Age
27:14 Light Cavalry
28:33 Scale Barding Armor
28:59 Bloodlines
28:50 Husbandry
28:49 Bodkin Arrow
29:42 Hand Cart
29:37 Heavy Plow
29:31 Stone Mining
30:50 Bracer
32:00 Chemistry
30:51 Hussar
33:27 Conscription
33:18 Double Crossbow
34:42 Chain Barding Armor
34:49 Ballistics
36:58 Plate Barding Armor
36:33 Forging
39:00 Elite Ballista Elephant
Connection lost

Rejoining the realm…

Still unreachable

The connection could not be restored.

Session expired

The server has moved on; the page needs a fresh start.